 Dungeon Crawl Stone Soup version 0.21-a0-179-gd2bfb5f (webtiles) character file.

28 p0werm0de the Skirmisher (level 3, -14/29 HPs)
             Began as a Mummy Chaos Knight on Aug 10, 2017.
             Blown up by Natasha the orb spider (glowing shapeshifter) (19 damage)
             ... with a wavering orb of destruction
             ... on level 2 of the Dungeon.
             The game lasted 00:01:19 (986 turns).

p0werm0de the Skirmisher (Mummy Chaos Knight)        Turns: 986, Time: 00:01:20

Health: -14/29     AC:  5    Str: 14 (15) XL:     3   Next: 0%
Magic:  3/3        EV: 10    Int: 11      God:    Xom [......]
Gold:   67         SH:  0    Dex: 12      Spells: 2/2 levels left

rFire    x . .     SeeInvis .   a - +0 hand axe (chaos)
rCold    + . .     Gourm    .   (no shield)
rNeg     + + +     Faith    .   b - +2 leather armour
rPois    ∞         Spirit   .   (no helmet)
rElec    .         Reflect  .   (no cloak)
rCorr    .         Harm     .   (no gloves)
MR       .....                  (no boots)
Stlth    +.........             (no amulet)
HPRegen  0.09/turn              (no ring)
MPRegen  0.08/turn              (no ring)

@: heavily drained
A: no food or potions, fire vulnerability, cold resistance 1, negative energy
resistance 3, torment resistance, unbreathing
a: Renounce Religion


You were on level 2 of the Dungeon.
You worshipped Xom.
You were a very special plaything of Xom.
You were not hungry.

You visited 1 branch of the dungeon, and saw 2 of its levels.

You collected 67 gold pieces.

Inventory:

Hand Weapons
 a - a +0 hand axe of chaos (weapon)
Missiles
 c - 8 javelins (quivered)
Armour
 b - a +2 leather armour (worn)
Scrolls
 d - a scroll of identify {unknown}
 e - a scroll of enchant armour {unknown}
 f - a scroll of immolation {unknown}
 g - a scroll of remove curse {unknown}


   Skills:
 * Level 3.6(2.4) Fighting
 * Level 3.0(1.8) Axes
 - Level 1.5(0.4) Armour
 - Level 0.7(0.0) Dodging


You had 2 spell levels left.
You didn't know any spells.

Dungeon Overview and Level Annotations

Branches:
Dungeon (2/15)

Altars:

Annotations:
D:2 Natasha


Innate Abilities, Weirdness & Mutations

You do not eat or drink.
Your flesh is vulnerable to fire.
You are immune to poison.
Your flesh is cold resistant. (rC+)
You are immune to negative energy. (rN+++)
You are immune to unholy pain and torment.
You can survive without breathing.


Message History

You are too injured to fight recklessly!
You hit something. Something bites you but does no damage. Something claws you.
Something claws you but does no damage. Something bites you but does no damage.
Something claws you but does no damage. x2
You closely miss something. Something bites you!
* * * LOW HITPOINT WARNING * * *
Something claws you but does no damage. Something claws you.
* * * LOW HITPOINT WARNING * * *
You hit something.
Natasha appears out of thin air!
Reactivating autopickup.
Xom thinks this is hilarious!
You barely miss Natasha.
Natasha weaves a glowing orb of energy.
An orb of destruction comes into view.
You hit Natasha.
Natasha is lightly wounded.
The wavering orb of destruction hits you!
Ouch! That really hurt!
You die...
Xom titters!

#.# #.# #.## #.# #.#
#..#### #.# #.#
##..... #.#
#.########.####
#.####.#..!.....# #
#.##.....#....#.####
#.##.#..##....#.##..
#.##.##..#....#....#
#.§@.###.#)...#....#
#.s### #.........###
#### ##.........#
#......##.. #.....##
## #.....# #.....#
#...### .....


You could see Natasha the orb spider.

Vanquished Creatures
  A dart slug (D:1)
  A ball python (D:2)
  A giant cockroach (D:1)
  2 goblins (D:1)
  A hobgoblin (D:1)
  8 jackals
  A kobold (D:1)
  2 bats (D:1)
  3 frilled lizards
  4 rats
24 creatures vanquished.

Vanquished Creatures (others)
  A bat (D:2)
1 creature vanquished.

Grand Total: 25 creatures vanquished

Notes
Turn   | Place    | Note
-------+----------+-------------------------------------------
     0 | D:1      | p0werm0de the Mummy Chaos Knight began the quest for the Orb.
     0 | D:1      | Reached XP level 1. HP: 18/18 MP: 1/1
   193 | D:1      | XOM: silly message
   387 | D:1      | Reached XP level 2. HP: 20/24 MP: 2/2
   395 | D:1      | XOM: noise
   612 | D:1      | XOM: stat loss: -1 Str (14/15)
   712 | D:2      | Reached skill level 3 in Axes
   729 | D:2      | Noticed Natasha
   731 | D:2      | Noticed Natasha
   731 | D:2      | Natasha changed into Natasha the wyvern
   731 | D:2      | XOM: polymorph Natasha -> Natasha the wyvern
   732 | D:2      | the bat is devoured by a tear in reality.
   732 | D:2      | Reached XP level 3. HP: 11/29 MP: 3/3
   732 | D:2      | Noticed Natasha
   732 | D:2      | Natasha the wyvern changed into Natasha the black bear
   732 | D:2      | XOM: polymorph Natasha the wyvern -> Natasha the black bear
   733 | D:2      | HP: 2/29 [Natasha the black bear (8)]
   736 | D:2      | XOM: mild Summ miscast
   737 | D:2      | Noticed a spatial vortex
   765 | D:2      | XOM: enchant monster (bad)
   978 | D:1      | XOM: harmless Pois miscast
   984 | D:2      | Noticed Natasha
   986 | D:2      | Blown up by Natasha the orb spider (glowing shapeshifter)

Vault maps used:
D:1:      eino_arrival_water_star, interstate_on_off, minivault_14,
          minmay_door_square, minmay_heptomino_w4
D:2:      first_bread, uniq_natasha

Skill      XL: |  1  2 |
---------------+-------+-----
Axes           | 3 |  3.0
Fighting       | |  3.6
Armour         | |  1.5
Dodging        | |  0.7

Action                   || total
-------------------------++-------
Melee: Hand axe          ||    68
Armor: Leather armour    ||    37
Dodge: Dodged            ||    42
